 Dungeon Crawl Stone Soup version 0.32-a0-485-g70f7560b1c (webtiles) character file.

Game seed: 2234168972556849749

2060 horus123 the Basher (level 9, 0/75 HPs)
             Began as a Mountain Dwarf Fighter on Feb 27, 2024.
             Was an Initiate of Sif Muna.
             Slain by an acid dragon (1 damage)
             ... on level 8 of the Dungeon.
             The game lasted 00:09:08 (6153 turns).

horus123 the Basher (Mountain Dwarf Fighter)        Turns: 6153, Time: 00:09:08

Health: 0/75       AC:  1    Str: 23    XL:     9   Next: 5%
Magic:  9/9        EV:  8    Int:  9    God:    Sif Muna [......]
Gold:   342        SH:  5    Dex:  9    Spells: 8/8 levels left

rFire   . . .        u - +1 demon whip (flame)
rCold   . . .        c - +1 buckler
rNeg    . . .        h - +0 chain mail
rPois   .            (no helmet)
rElec   .            (no cloak)
rCorr   .            (no gloves)
SInv    .            (no boots)
Will    .....        (no amulet) Stlth
                     (no ring)
HPRegen 0.32/turn    (no ring)
MPRegen 0.11/turn

%: no passive effects
@: mighty, corroded
A: runic magic, artefact enchanting
a: Renounce Religion


You were on level 8 of the Dungeon.
You worshipped Sif Muna.
Sif Muna was noncommittal.
You visited 2 branches of the dungeon, and saw 9 of its levels.

You collected 342 gold pieces.

Inventory:

Hand Weapons
 u - a +1 demon whip of flaming (weapon)
Missiles
 j - 3 throwing nets (quivered)
Armour
 c - a +1 buckler (worn)
 h - a +0 chain mail (worn)
Wands
 d - a wand of mindburst (13)
 s - a wand of iceblast (14)
 y - a wand of polymorph (4)
Scrolls
 a - a scroll of identify
 f - 2 scrolls of blinking
 k - 2 scrolls of revelation
 l - a scroll of silence {unknown}
 p - a scroll of teleportation {unknown}
 q - a scroll of vulnerability {unknown}
 t - a scroll of summoning {unknown}
 x - a scroll of noise {unknown}
Potions
 b - a potion of heal wounds {unknown}
 e - 3 potions of haste
 g - 3 potions of enlightenment {unknown}
 i - 2 potions of lignification {unknown}
 m - a potion of brilliance {unknown}
 n - a potion of cancellation {unknown}
 o - 2 potions of attraction {unknown}
 r - a potion of curing {unknown}
 v - a potion of might
 w - a potion of invisibility {unknown}


   Skills:
 - Level 6.0 Fighting
 - Level 8.0(10.2) Axes
 + Level 10.0(11.2) Maces & Flails
 - Level 4.5 Armour
 - Level 3.2 Shields


You had 8 spell levels left.
You didn't know any spells.
Your spell library contained the following spells:

 Spells                   Type           Power      Damage    Failure   Level
 Apportation              Tloc           0%         N/A       58%         1
 Necrotise                Necr           0%         1d4       58%         1
 Sting                    Conj/Alch      0%         1d3       58%         1
 Summon Small Mammal      Summ           0%         N/A       58%         1
 Lesser Beckoning         Tloc           0%         N/A       75%         2
 Mercury Vapours          Alch/Air       0%         N/A       75%         2
 Sublimation of Blood     Necr           0%         N/A       75%         2
 Gell's Gravitas          Tloc           0%         N/A       92%         3
 Mephitic Cloud           Conj/Alch/Air  0%         N/A       92%         3
 Teleport Other           Tloc           0%         N/A       92%         3
 Petrify                  Alch/Erth      0%         N/A       100%        4
 Freezing Cloud           Conj/Ice/Air   0%         6-21      100%        5
 Irradiate                Conj/Alch      0%         3d11      100%        5


Dungeon Overview and Level Annotations

Branches:
Dungeon (8/15)             Temple (1/1) D:7
   Lair: D:8-11

Altars:
Ashenzari
Cheibriados
Dithmenos
Elyvilon
Fedhas
Gozag
Hepliaklqana
Kikubaaqudgha
Makhleb
Nemelex Xobeh
Okawaru
Qazlal
Ru
Sif Muna
Trog
Uskayaw
Vehumet
Wu Jian
Xom
Yredelemnul
Zin
The Shining One

Shops:
D:1 *


Innate Abilities, Weirdness & Mutations

Your spellcasting is much less encumbered by armour.
You can use scrolls of enchantment on lesser artefacts.


Message History

No target in view!
You pick up a book of Vapours and begin reading...
You add the spells Mercury Vapours, Mephitic Cloud and Freezing Cloud to your library.
You pick up a book of Cantrips and begin reading...
You add the spells Sting, Necrotise, Summon Small Mammal and Apportation to your library.
Things that are here:
a +0 club; a +0 chain mail; an orc corpse
Okay, then.
Unknown command.
Found 4 stones.
No target in view!
An acid dragon comes into view.
The acid dragon roars!
The acid dragon spits acid at you. The splash of acid hits you!
The acid corrodes you! The acid dragon spits acid at you.
The splash of acid hits you!!
You are too injured to fight recklessly!
You are too injured to fight recklessly!
The acid dragon closely misses you. The acid dragon claws you.
You barely miss the acid dragon. The acid dragon spits acid at you.
The splash of acid hits you. The acid corrodes you!
You barely miss the acid dragon. You barely miss the acid dragon.
The acid dragon bites you! The acid dragon claws you.
You hit the acid dragon. You burn the acid dragon.
The acid dragon is lightly wounded.
You hit the acid dragon. You burn the acid dragon.
The acid dragon is moderately wounded.
The acid dragon bites you!
* * * LOW HITPOINT WARNING * * *
You block the acid dragon's attack.
You barely miss the acid dragon.
The acid dragon is moderately wounded.
You feel very mighty all of a sudden. The acid dragon bites you!
* * * LOW HITPOINT WARNING * * *
The acid dragon claws you.
You die...

#...(..............###.##.#
###.##.######.########.##.#
####..#.# #..........#...
......#.## ############.#..
####....# . .##
.........##### .. ..
##+#####.....### ##
#####...## ###@D# ##.....#
#.##.# ..# .# .. .. ...


You could see an acid dragon.

Vanquished Creatures
  Eustachio (D:6)
  A steam dragon (D:6)
  Menkaure (D:4)
  Duvessa (D:4)
  An ice beast (D:5)
  An ogre (D:5)
  A centaur (D:5)
  A phantom (D:5)
  A kobold brigand (D:6)
  Blork the orc (D:6)
  2 bullfrogs (D:7)
  3 scorpions
  Dowan (D:4)
  A howler monkey (D:6)
  3 hounds
  2 jellies
  4 orc priests
  2 iguanas
  4 orc wizards
  7 gnolls (D:3)
  9 adders
  2 white imps
  3 dart slugs
  3 ribbon worms
  19 orcs
  8 endoplasms
  6 giant cockroaches
  7 goblins
  9 hobgoblins
  3 jackals (D:1)
  12 kobolds
  A quokka (D:1)
  9 ball pythons
  7 bats
  7 frilled lizards
  3 rats
147 creatures vanquished.

Notes
Turn   | Place    | Note
-------+----------+-------------------------------------------
     0 | D:1      | horus123 the Mountain Dwarf Fighter began the quest for the
                  | Orb.
     0 | D:1      | Reached XP level 1. HP: 19/19 MP: 1/1
   165 | D:1      | Reached XP level 2. HP: 26/26 MP: 2/2
   433 | D:1      | Found Melim's General Store.
   462 | D:1      | Reached XP level 3. HP: 31/31 MP: 3/3
   825 | D:2      | Reached skill level 5 in Axes
  1338 | D:3      | Reached XP level 4. HP: 33/38 MP: 4/4
  1673 | D:3      | Reached XP level 5. HP: 45/45 MP: 5/5
  1682 | D:3      | Found a faded altar of an unknown god.
  1878 | D:3      | Found a sacrificial altar of Ru.
  2301 | D:4      | Reached XP level 6. HP: 47/51 MP: 6/6
  2489 | D:4      | Noticed Menkaure
  2497 | D:4      | Killed Menkaure
  2806 | D:4      | Noticed Dowan
  2806 | D:4      | Noticed Duvessa
  2810 | D:4      | Killed Duvessa
  2811 | D:4      | Reached skill level 5 in Fighting
  2813 | D:4      | Killed Dowan
  2814 | D:4      | Reached XP level 7. HP: 57/61 MP: 7/7
  3027 | D:5      | Entered Level 5 of the Dungeon
  3362 | D:5      | Reached skill level 2 in Maces & Flails
  3515 | D:5      | Reached skill level 3 in Maces & Flails
  3715 | D:5      | Reached skill level 4 in Maces & Flails
  3806 | D:5      | Reached XP level 8. HP: 46/70 MP: 8/8
  3939 | D:5      | Reached skill level 5 in Maces & Flails
  4178 | D:6      | Reached skill level 6 in Maces & Flails
  4581 | D:6      | Reached skill level 7 in Maces & Flails
  4721 | D:6      | Reached skill level 8 in Maces & Flails
  4905 | D:6      | Noticed Blork the orc
  4919 | D:6      | Killed Blork the orc
  5034 | D:6      | Noticed Eustachio
  5043 | D:6      | Killed Eustachio
  5044 | D:6      | Reached skill level 9 in Maces & Flails
  5451 | D:7      | Reached XP level 9. HP: 70/75 MP: 9/9
  5578 | D:7      | Found a staircase to the Ecumenical Temple.
  5594 | Temple   | Entered the Ecumenical Temple
  5665 | Temple   | Became a worshipper of Sif Muna the Loreminder
  5806 | D:7      | Found an opulent altar of Gozag.
  5952 | D:7      | Reached skill level 10 in Maces & Flails
  6153 | D:8      | HP: 1/75 [acid dragon (14)]
  6153 | D:8      | Slain by an acid dragon

Illustrated notes

Levels and vault maps discovered:
D:1:      beargit_arrival_greenhouse, layout_loops_cross, serial_shops,
          nicolae_shop_tiny_waterfront, minmay_misc_feat_chi
D:2:      layout_rooms, guppyfry_early_lair_pool
D:3:      layout_basic, nicolae_overflow_ecumenical_swirl, skrybe_limestone_x
D:4:      layout_loops_ring, nicolae_letterblocks [nicolae_letter_subblock,
          nicolae_letter_subblock, nicolae_letter_subblock,
          nicolae_letter_subblock, nicolae_letter_subblock,
          nicolae_letter_subblock, nicolae_letter_subblock,
          nicolae_letter_subblock, nicolae_letter_subblock,
          nicolae_letter_subblock, nicolae_letter_subblock,
          nicolae_letter_subblock, nicolae_letter_subblock,
          nicolae_letter_subblock, nicolae_letter_subblock,
          nicolae_letter_subblock, nicolae_letter_subblock,
          nicolae_letter_subblock, nicolae_letter_subblock,
          nicolae_letter_subblock, nicolae_letter_subblock,
          nicolae_letter_subblock, nicolae_letter_subblock,
          nicolae_letter_subblock, nicolae_letter_subblock], uniq_duvessa,
          uniq_menkaure
D:5:      layout_loops_ring
D:6:      layout_rooms, uniq_blork_the_orc, uniq_eustachio
D:7:      nicolae_cairo_tiling_large, layout_loops_cross,
          nicolae_gozag_cash_rules_everything_around_me,
          minmay_temple_entry_mini_moons
D:8:      minmay_the_grid_plus_closed [minmay_the_grid_plusring,
          minmay_the_grid_tree, minmay_the_grid_minigrid_large,
          minmay_the_grid_tiny_cups, minmay_the_grid_prize_trominoes],
          layout_loops_ring, minmay_misc_feat_roman, grunt_ministairs_11,
          uniq_maggie
Temple:   nicolae_temple_bog_church

Skill      XL: |  1  2  3  4  5  6  7  8  9 |
---------------+----------------------------+-----
Axes           | 3 4 5 6 7 8 |  8.0
Fighting       | 5 6 |  6.0
Armour         | 4 |  4.5
Maces & Flails | 4 9 10 | 10.0
Shields        | |  3.2

Action                     |  1- 3 |  4- 6 |  7- 9 || total
---------------------------+-------+-------+-------++-------
  Melee: War axe           |   133 |   113 |    28 ||   274
         Morningstar       |       |       |   145 ||   145
         Demon whip        |       |       |   102 ||   102
    Use: Scroll            |       |     1 |     4 ||     5
         Potion            |       |     1 |     1 ||     2
 Armour: Scale mail        |   101 |       |       ||   101
         Chain mail        |     5 |   121 |   200 ||   326
  Dodge: Dodged            |    76 |    37 |    76 ||   189
  Block: Buckler           |    30 |    18 |    40 ||    88

Table legend: (Time is in decaauts)
 A = Elapsed time spent in this place.
 B = Non-inter-level travel time spent in this place.
 C = Inter-level travel time spent in this place.
 D = Time resting spent in this place.
 E = Time spent auto-exploring this place.
 F = Levels seen in this place.
 G = Mean time per level.
                   A        B        C        D        E       F      G
               +--------+--------+--------+--------+--------+-----+--------+
         Total |   6214 |   6072 |    142 |    612 |   4287 |   9 |  690.4 |
       Dungeon |   6118 |   5976 |    142 |    612 |   4287 |   8 |  764.8 |
        Temple |     96 |     96 |      0 |      0 |      0 |   1 |   96.0 |
               +--------+--------+--------+--------+--------+-----+--------+

Top non-repeatable levels by time:
     D:5: 1127 daAuts
     D:3: 1089 daAuts
     D:6: 1069 daAuts
     D:7: 776 daAuts
     D:4: 753 daAuts
     D:1: 678 daAuts
     D:2: 571 daAuts
  Temple: 96 daAuts
     D:8: 51 daAuts
